 Dungeon Crawl Stone Soup version 0.32-a0-411-g744942f433 (webtiles) character file.

Game seed: 18298636490456990249

319 Aldia the Changeling (level 6, -4/47 HPs)
             Began as a Merfolk Shapeshifter on Feb 20, 2024.
             Slain by a gnoll
             ... wielding a +0 club
              (6 damage)
             ... on level 3 of the Dungeon.
             The game lasted 00:03:25 (1575 turns).

Aldia the Changeling (Merfolk Shapeshifter)         Turns: 1575, Time: 00:03:25

Health: -4/47      AC:  2    Str: 16    XL:     6   Next: 46%
Magic:  6/6        EV: 13    Int:  9    God:
Gold:   141        SH:  0    Dex: 14    Spells: 2/5 levels left

rFire   . .          .
                       - Unarmed
rCold   . . .        (no shield)
rNeg    . . .        a - +0 animal skin
rPois   .            (helmet currently unavailable)
rElec   .            (cloak currently unavailable)
rCorr   .            (gloves currently unavailable)
SInv    .            (boots currently unavailable)
Will    .....        (no amulet)
Stlth   +            (no ring)
HPRegen 0.27/turn    (no ring)
MPRegen 0.10/turn

%: no passive effects
@: mighty, beast-form
A: beast (slay +3), (nimble swimmer 2), mertail
a: Begin Untransformation


You were on level 3 of the Dungeon.
You were a hulking beast.
You visited 1 branch of the dungeon, and saw 3 of its levels.

You collected 141 gold pieces.

Inventory:

Armour
 a - a +0 animal skin (worn)
Jewellery
 b - a ring of protection from cold
Talismans
 c - a beast talisman (active)
 d - a flux talisman
Scrolls
 g - a scroll of poison {unknown}
 i - a scroll of acquirement {unknown}
 m - a scroll of vulnerability
 o - a scroll of blinking {unknown}
 p - 2 scrolls of fear {unknown}
 q - a scroll of identify {unknown}
Potions
 e - a potion of curing {unknown}
 f - a potion of might
 h - a potion of brilliance {unknown}
 j - 2 potions of attraction {unknown}
 k - a potion of magic {unknown}
 l - a potion of mutation {unknown}
 n - a potion of heal wounds {unknown}
 r - a potion of ambrosia {unknown}


   Skills:
 + Level 3.2 Fighting
 - Level 3.0 Dodging
 * Level 5.5 Unarmed Combat
 * Level 6.1 Shapeshifting


You had 2 spell levels left.
You knew the following spells:

 Your Spells              Type           Power      Damage    Failure   Level
a - Ozocubu's Armour      Ice            0%         N/A       77%         3

Your spell library contained the following spells:

 Spells                   Type           Power      Damage    Failure   Level
 Metabolic Englaciation   Hex/Ice        0%         N/A       100%        5
 Sculpt Simulacrum        Ice/Alch       0%         N/A       100%        6


Dungeon Overview and Level Annotations

Branches:
Dungeon (3/15)

Altars:


Innate Abilities, Weirdness & Mutations

You are a hulking beast.
Your limbs bulge with bestial killing power. (Slay +3)
((You are very nimble when in or above water. (Stealth+, EV+, Speed+++)))
Your lower body shifts to a powerful aquatic tail in water.


Message History

The gnoll misses you.
The gnoll shouts!
You hit the gnoll.
The gnoll is severely wounded.
The gnoll hits you with a +0 halberd!
You closely miss the gnoll.
The adder hisses angrily.
You punch the gnoll, but do no damage.
The gnoll is severely wounded.
The gnoll barely misses you.
You closely miss the gnoll.
The gnoll is severely wounded.
The gnoll hits you with a +0 halberd!
You punch the gnoll!
You kill the gnoll!
Things that are here:
6 gold pieces; a +0 halberd You hit the adder.
The adder is heavily wounded.
The adder bites you.
* * * LOW HITPOINT WARNING * * *
You hit the adder.
The adder is almost dead.
The adder barely misses you.
You closely miss the adder. Your punch misses the adder.
The adder is almost dead.
The adder bites you but does no damage. The gnoll hits you with a +0 club!
* * * LOW HITPOINT WARNING * * *
The adder barely misses you.
Unknown command.
The gnoll attacks as it pursues you! The gnoll hits you with a +0 club.
* * * LOW HITPOINT WARNING * * *
You see here a +0 club.
You punch the gnoll!
The gnoll is heavily wounded.
The gnoll closely misses you.
It was a potion of might.
You feel very mighty all of a sudden. The gnoll hits you with a +0 club.
You die...

#.....................
#..†................#
#.......)..........#
#...).............#####
#..............g.......
#...††....†#†##.|..#### #.
#.....S......##.#g..... #.#
##)####g#.<..###.#...... #...
#.†# #h###......#..g... #..###.##
#.##......S....... #..##..#
#.....#####..[.... ######....###
#......# #.......
#...........####......# #.......
.............#...<....####....?..
.<.†...........#...........#
..............##......######
..............##......#


You could see a gnoll and an adder.

Vanquished Creatures
  Sigmund (D:2)
  3 adders
  2 gnolls (D:3)
  2 dart slugs (D:1)
  An orc (D:3)
  11 ball pythons
  4 bats
  4 endoplasms
  A giant cockroach (D:2)
  7 goblins
  8 hobgoblins
  3 quokkas
  5 frilled lizards
  9 kobolds
  8 rats
69 creatures vanquished.

Notes
Turn   | Place    | Note
-------+----------+-------------------------------------------
     0 | D:1      | Aldia the Merfolk Shapeshifter began the quest for the Orb.
     0 | D:1      | Reached XP level 1. HP: 15/15 MP: 1/1
    60 | D:1      | Reached XP level 2. HP: 20/21 MP: 2/2
   219 | D:1      | Reached XP level 3. HP: 21/27 MP: 3/3
   530 | D:1      | Reached XP level 4. HP: 31/33 MP: 4/4
   534 | D:1      | Learned a level 3 spell: Ozocubu's Armour
   702 | D:2      | Noticed Sigmund
   718 | D:2      | Killed Sigmund
   719 | D:2      | Reached skill level 5 in Unarmed Combat
   719 | D:2      | Reached skill level 5 in Shapeshifting
   719 | D:2      | Reached XP level 5. HP: 22/40 MP: 5/5
   832 | D:2      | Reached XP level 6. HP: 38/46 MP: 6/6
  1422 | D:3      | Reached skill level 6 in Shapeshifting
  1573 | D:3      | HP: 2/47 [gnoll/+0 club (6)]
  1575 | D:3      | Slain by a gnoll

Illustrated notes

Levels and vault maps discovered:
D:1:      dpeg_arrival_rooms_with_view, layout_rooms, st_stairs_11,
          minmay_misc_feat_hallway
D:2:      layout_basic, uniq_sigmund
D:3:      layout_rooms

Skill      XL: |  1  2  3  4  5  6 |
---------------+-------------------+-----
Dodging        | 3 |  3.0
Unarmed Combat | 4 5 |  5.5
Fighting       | 2 3 |  3.2
Shapeshifting  | 5 6 |  6.1

Action                     |  1- 3 |  4- 6 || total
---------------------------+-------+-------++-------
  Melee: Unarmed           |    64 |   102 ||   166
         Punch             |     3 |     4 ||     7
    Use: Potion            |       |     2 ||     2
         Scroll            |       |     1 ||     1
   Stab: Sleeping          |       |     1 ||     1
 Armour: Animal skin       |    36 |    40 ||    76
         Skin              |       |     9 ||     9
  Dodge: Dodged            |    39 |    64 ||   103

Table legend: (Time is in decaauts)
 A = Elapsed time spent in this place.
 B = Non-inter-level travel time spent in this place.
 C = Inter-level travel time spent in this place.
 D = Time resting spent in this place.
 E = Time spent auto-exploring this place.
 F = Levels seen in this place.
 G = Mean time per level.
                   A        B        C        D        E       F      G
               +--------+--------+--------+--------+--------+-----+--------+
         Total |   1559 |   1453 |    106 |     98 |    981 |   3 |  519.7 |
       Dungeon |   1559 |   1453 |    106 |     98 |    981 |   3 |  519.7 |
               +--------+--------+--------+--------+--------+-----+--------+

Top non-repeatable levels by time:
     D:2: 782 daAuts
     D:1: 580 daAuts
     D:3: 196 daAuts
